 Dungeon Crawl Stone Soup version 0.22-a0-467-g5c5de1c (webtiles) character file.

598 opiumtea the Magician (level 7, -15/36 HPs)
             Began as a Deep Elf Fire Elementalist on June 10, 2018.
             Shot with an arrow by a centaur (16 damage)
             ... on level 5 of the Dungeon.
             The game lasted 00:18:09 (4169 turns).

opiumtea the Magician (Deep Elf Fire Elementalist)  Turns: 4169, Time: 00:18:10

Health: -15/36     AC:  3    Str:  5    XL:     7   Next: 17%
Magic:  17/28      EV: 13    Int: 22    God:
Gold:   232        SH:  0    Dex: 15    Spells: 2/20 levels left

rFire    . . .     SeeInvis .   (no weapon)
rCold    . . .     Gourm    .   (no shield)
rNeg     . . .     Faith    .   a - +1 robe
rPois    +         Spirit   .   (no helmet)
rElec    .         Reflect  .   (no cloak)
rCorr    .         Harm     +   (no gloves)
MR       .....                  (no boots)
Stlth    ++........             d - amulet of harm
HPRegen  0.12/turn              q - ring of magical power
MPRegen  0.21/turn              o - ring of poison resistance

@: very slightly contaminated
A: no striking features
a: no special abilities


You were on level 5 of the Dungeon.
You were not hungry.

You visited 1 branch of the dungeon, and saw 5 of its levels.

You collected 232 gold pieces.

Inventory:

Hand Weapons
 b - a +0 dagger
Missiles
 h - 74 arrows
Armour
 a - a +1 robe (worn)
Jewellery
 d - an amulet of harm (around neck)
 l - an uncursed ring of ice
 o - a ring of poison resistance (right hand)
 q - a ring of magical power (left hand)
 w - a +3 amulet of reflection
Wands
 m - a wand of acid (5)
 t - a wand of polymorph (13)
Scrolls
 i - a scroll of remove curse
Potions
 e - a potion of brilliance {unknown}
 f - a potion of haste {unknown}
 j - 2 potions of heal wounds
 k - a potion of resistance {unknown}
 n - 2 potions of curing
 p - a potion of agility {unknown}
 r - a potion of cancellation {unknown}
 s - a potion of degeneration {unknown}
 u - a potion of lignification {unknown}
Comestibles
 c - 10 rations
 v - 10 chunks of flesh


   Skills:
 - Level 2.4 Dodging
 - Level 2.4 Stealth
 - Level 7.3 Spellcasting
 + Level 4.5 Conjurations
 - Level 2.6 Hexes
 + Level 4.8 Fire Magic


You had 2 spell levels left.
You knew the following spells:

 Your Spells              Type           Power        Failure   Level  Hunger
a - Flame Tongue          Conj/Fire      ####.        1%          1    None
b - Throw Flame           Conj/Fire      ####..       1%          2    None
c - Conjure Flame         Conj/Fire      ####....     3%          3    None
d - Inner Flame           Hex/Fire       ###.....     5%          3    None
e - Sticky Flame          Conj/Fire      ####....     12%         4    ###....
f - Fireball              Conj/Fire      ####......   32%         5    #####..

Your spell library contained the following spells:

 Spells                   Type           Power        Failure   Level  Hunger


Dungeon Overview and Level Annotations

Branches:
Dungeon (5/15)
 Temple: D:4-7

Altars:
Cheibriados
Elyvilon
Gozag
Sif Muna

Annotations:
D:3 Supreme's ghost, amateur CeAM


Message History

Aiming: Fireball (very dangerous; 32% risk of failure)
Press: ? - help, Shift-Dir - straight line, f/p - centaur
Aim: a centaur, wielding a shortbow (moderately wounded)
You miscast Fireball.
You are very lightly contaminated with residual magic.
You feel uncomfortably hot.
The centaur shoots an arrow.
The arrow barely misses you.
An orc comes into view.
The centaur shoots an arrow.
The arrow hits you!
* * * LOW HITPOINT WARNING * * *
Casting: Fireball (very dangerous; 32% risk of failure)
Confirm with . or Enter, or press ? or * to list all spells.
The spell is very dangerous to cast (32% risk of failure)!
Continue anyway?
Aiming: Fireball (very dangerous; 32% risk of failure)
Press: ? - help, Shift-Dir - straight line, f/p - centaur
Aim: a centaur, wielding a shortbow (moderately wounded)
You miscast Fireball.
You have a brief vision of globes of primordial fire.
The centaur shoots an arrow.
The arrow hits you!
You die...

#.#..........##
..
###.#.........##
#..........####
..#....#### .
##..## .. ##.##
c.. ##.## ....
##.## .!..o
##@##......
##(.c.....
#........
##.....o.
#...... #.....
..### ##


You could see a centaur and an orc.

Vanquished Creatures
  A sky beast (D:5)
  An ogre (D:4)
  A gnoll sergeant (D:5)
  2 hounds (D:4)
  5 worker ants (D:4)
  5 gnolls (D:5)
  4 adders
  An adder skeleton (D:4)
  5 worms
  6 dart slugs
  3 leopard geckos
  6 orcs
  2 ball pythons (D:1)
  3 giant cockroaches
  5 goblins
  2 hobgoblins
  5 jackals
  6 kobolds
  2 quokkas
  3 bats
  2 frilled lizards
  A leopard gecko skeleton (D:4)
  10 rats
81 creatures vanquished.

Vanquished Creatures (others)
  A quokka (D:3)
  A goblin (D:3)
2 creatures vanquished.

Grand Total: 83 creatures vanquished

Notes
Turn   | Place    | Note
-------+----------+-------------------------------------------
     0 | D:1      | opiumtea the Deep Elf Fire Elementalist began the quest for the Orb.
     0 | D:1      | Reached XP level 1. HP: 10/10 MP: 6/6
   271 | D:1      | Reached XP level 2. HP: 15/15 MP: 4/8
   409 | D:1      | Learned a level 2 spell: Throw Flame
   868 | D:2      | Reached skill level 4 in Spellcasting
   868 | D:2      | Reached XP level 3. HP: 19/19 MP: 5/10
   874 | D:2      | Learned a level 3 spell: Conjure Flame
   878 | D:2      | Learned a level 3 spell: Inner Flame
   996 | D:2      | Found an opulent altar of Gozag.
  1577 | D:3      | Noticed Supreme's ghost (amateur CeAM)
  1660 | D:3      | Found a white marble altar of Elyvilon.
  1688 | D:3      | Reached skill level 1 in Hexes
  1688 | D:3      | Reached XP level 4. HP: 24/24 MP: 9/12
  2515 | D:3      | Reached skill level 5 in Spellcasting
  2526 | D:3      | Learned a level 4 spell: Sticky Flame
  2529 | D:3      | Found a snail-covered altar of Cheibriados.
  2835 | D:4      | Reached XP level 5. HP: 28/28 MP: 14/14
  2928 | D:4      | Reached skill level 6 in Spellcasting
  3017 | D:4      | Noticed an ogre
  3033 | D:4      | Killed an ogre
  3033 | D:4      | Reached skill level 7 in Spellcasting
  3033 | D:4      | Reached XP level 6. HP: 32/32 MP: 17/18
  3040 | D:4      | Learned a level 5 spell: Fireball
  3249 | D:4      | Found a deep blue altar of Sif Muna.
  3770 | D:5      | Entered Level 5 of the Dungeon
  3873 | D:5      | Noticed a sky beast
  3885 | D:5      | Killed a sky beast
  4000 | D:5      | Reached XP level 7. HP: 36/36 MP: 9/19
  4168 | D:5      | HP: 1/36 [centaur/arrow (9)]
  4169 | D:5      | Shot with an arrow by a centaur

Vault maps used:
D:1:      noname_arrival_rooms_in_the_neighbourhood, st_stairs_14
D:2:      first_ration, grunt_gozag_statues
D:3:      kennysheep_slug_shrine, elyvilon_altar_4
D:4:      nicolae_overflow_crystal_walls, minmay_ruptured
D:5:      marbit_many_paths, minmay_temple_entry_enclosed_plants

Skill      XL: |  1  2  3  4  5  6 |
---------------+-------------------+-----
Conjurations   | 2 3 4 |  4.5
Spellcasting   | 4 5 7 |  7.3
Hexes          | 1 2 |  2.6
Fire Magic     | 4 |  4.8
Dodging        | |  2.4
Stealth        | |  2.4

Action                   |  1- 3 |  4- 6 |  7- 9 || total
-------------------------+-------+-------+-------++-------
Melee: Unarmed           |     2 |       |       ||     2
 Cast: Flame Tongue      |    57 |    90 |     4 ||   151
       Throw Flame       |     5 |    21 |     1 ||    27
       Conjure Flame     |       |     8 |       ||     8
       Inner Flame       |       |     5 |       ||     5
  Use: Scroll            |       |     7 |     1 ||     8
  Eat: Chunk             |     2 |     3 |       ||     5
       Ration            |       |     2 |       ||     2
Armor: Robe              |     4 |     5 |       ||     9
Dodge: Dodged            |    10 |    15 |     1 ||    26

Table legend:
 A = Spawn XP
 B = Non-spawn XP
 C = Spawn XP percentage of total XP
 D = Spawn monster count
 E = Non-spawn monster count
 F = Spawn count percentage of total count
 G = Total turns spent on level
                    A         B        C        D         E        F      G
               +---------+---------+-------+---------+---------+-------+---------
         Total |       0 |     855 |   0.0 |       0 |      81 |   0.0 |  4169
               +---------+---------+-------+---------+---------+-------+---------
           D:1 |       0 |      34 |   0.0 |       0 |      18 |   0.0 |   860
           D:2 |       0 |      41 |   0.0 |       0 |      13 |   0.0 |  1100
           D:3 |       0 |      79 |   0.0 |       0 |      24 |   0.0 |   869
           D:4 |       0 |     412 |   0.0 |       0 |      18 |   0.0 |   941
           D:5 |       0 |     289 |   0.0 |       0 |       8 |   0.0 |   399
               +---------+---------+-------+---------+---------+-------+---------
